 Dungeon Crawl Stone Soup version 0.26-a0-259-g1effd001a9 (webtiles) character file.

Game seed: 16128731613788926327

263 raph the Charmwright (level 6, -9/44 HPs)
             Began as a Merfolk Skald on July 17, 2020.
             Mangled by an ice beast (13 damage)
             ... on level 3 of the Dungeon.
             The game lasted 00:07:04 (4204 turns).

raph the Charmwright (Merfolk Skald)                Turns: 4204, Time: 00:07:04

Health: -9/44      AC:  6    Str: 11    XL:     6   Next: 19%
Magic:  15/18      EV: 12    Int: 13    God:
Gold:   114        SH:  0    Dex: 15    Spells: 4/9 levels left

rFire    . . .     SeeInvis +   a - +0 spear
rCold    . . .     Faith    .   (no shield)
rNeg     . . .     Spirit   .   b - +1 leather armour
rPois    .         Reflect  .   (no helmet)
rElec    .         Harm     .   f - +1 cloak
rCorr    .                      (no gloves)
MR       .....                  (no boots)
Stlth    +.........             (no amulet)
HPRegen  0.14/turn              o - ring of see invisible
MPRegen  0.16/turn              r - ring of magical power

@: infused (expiring)
A: change form in water, swift swim, stealthy swim
a: no special abilities


You were on level 3 of the Dungeon.
You were not hungry.

You visited 1 branch of the dungeon, and saw 3 of its levels.

You collected 114 gold pieces.

Inventory:

Hand Weapons
 a - a +0 spear (weapon)
Missiles
 j - 3 boomerangs (quivered)
Armour
 b - a +1 leather armour (worn)
 f - a +1 cloak (worn)
Jewellery
 o - a ring of see invisible (left hand)
 r - a ring of magical power (right hand)
Scrolls
 h - 2 scrolls of remove curse
Potions
 c - 2 potions of curing
 g - a potion of stabbing {unknown}
 k - a potion of might {unknown}
 m - a potion of heal wounds {unknown}
 p - a potion of mutation {unknown}
Comestibles
 d - 5 rations


   Skills:
 - Level 2.1 Fighting
 + Level 5.7 Polearms
 - Level 0.6 Armour
 - Level 2.6 Dodging
 - Level 2.0 Spellcasting
 * Level 6.3 Charms


You had 4 spell levels left.
You knew the following spells:

 Your Spells              Type           Power        Failure   Level
a - Infusion              Chrm           ###.         2%          1
b - Song of Slaying       Chrm           ###.....     3%          2
c - Shroud of Golubria    Chrm/Tloc      #.....       14%         2

Your spell library contained the following spells:

 Spells                   Type           Power        Failure   Level
 Ozocubu's Armour         Chrm/Ice       #.......     26%         3
 Spectral Weapon          Hex/Chrm       #.......     26%         3


Dungeon Overview and Level Annotations

Branches:
Dungeon (3/15)

Altars:
Nemelex Xobeh
Vehumet
Wu Jian


Message History

You closely miss the ice beast.
The ice beast is severely wounded.
The gnoll shouts!
You hit the ice beast but do no damage.
The ice beast is severely wounded.
The ice beast closely misses you.
The gnoll throws a stone.
The stone hits you but does no damage.
You closely miss the ice beast.
The ice beast is severely wounded.
The gnoll throws a stone.
The stone misses you. The ice beast hits you.
* * * LOW HITPOINT WARNING * * *
The ice beast freezes you.
* * * LOW HITPOINT WARNING * * *
Your magical infusion is running out.
You hit the ice beast.
The ice beast is severely wounded.
The ice beast hits you.
* * * LOW HITPOINT WARNING * * *
The ice beast freezes you!
You die...

* * * * ********* *
*,,,,,,,* * ###,*****,* *
########@#,*****,********
#......Y#...#,,,,,,,,,,**
#.###(.###....#*,*****,**
#.....#.#...###*,* *,*
#..#.....#,...,,,* *,*
*#.<...####*.###*** *,*
#.......#***,# *,*
#..........,,* *,**
#.##.##.###******* *,*,


You could see an ice beast.

Vanquished Creatures
  An orc wizard (D:3)
  An orc priest (D:3)
  Crazy Yiuf (D:2)
  Terence (D:2)
  9 adders
  An ooze (D:3)
  2 dart slugs
  A leopard gecko (D:1)
  4 orcs (D:3)
  7 goblins
  9 hobgoblins
  4 jackals (D:1)
  3 kobolds
  8 ball pythons
  6 bats
  3 frilled lizards
  8 rats
69 creatures vanquished.

Notes
Turn   | Place    | Note
-------+----------+-------------------------------------------
     0 | D:1      | raph the Merfolk Skald began the quest for the Orb.
     0 | D:1      | Reached XP level 1. HP: 16/16 MP: 3/3
   270 | D:1      | Reached XP level 2. HP: 14/22 MP: 0/5
   384 | D:1      | Learned a level 2 spell: Song of Slaying
   387 | D:1      | Learned a level 2 spell: Shroud of Golubria
   760 | D:1      | Reached skill level 4 in Charms
  1002 | D:1      | Reached XP level 3. HP: 24/27 MP: 3/6
  1918 | D:2      | Found a sparkling altar of Nemelex Xobeh.
  2094 | D:2      | Reached XP level 4. HP: 26/33 MP: 2/7
  2420 | D:2      | Reached skill level 5 in Charms
  2532 | D:2      | Noticed Terence
  2545 | D:2      | Killed Terence
  2983 | D:2      | Found a runed translucent door.
  2992 | D:2      | Noticed Crazy Yiuf
  3000 | D:2      | Killed Crazy Yiuf
  3000 | D:2      | Reached XP level 5. HP: 35/38 MP: 8/8
  3140 | D:2      | Reached skill level 5 in Polearms
  3567 | D:3      | Found an ornate altar of the Wu Jian Council.
  3632 | D:3      | Found a radiant altar of Vehumet.
  3645 | D:3      | Reached skill level 6 in Charms
  3656 | D:3      | Reached XP level 6. HP: 27/44 MP: 3/9
  3814 | D:3      | Noticed an eye of draining
  4190 | D:3      | Noticed an ice beast
  4204 | D:3      | Mangled by an ice beast

Illustrated notes

Levels and vault maps discovered:
D:1:      psy_arrival_spokes, layout_basic, corner_web_ring
D:2:      layout_loops_ring, marbit_many_paths, minmay_snake_closets,
          uniq_terence, uniq_crazy_yiuf_cottage
D:3:      layout_loops_cross, nicolae_overflow_crystal_walls, fedhas_altar_3,
          lemuel_doored_altar, trog_eyes_of_draining

Skill      XL: |  1  2  3  4  5 |
---------------+----------------+-----
Charms         | 4 5 6 |  6.3
Polearms       | 4 5 |  5.7
Fighting       | |  2.1
Armour         | |  0.6
Dodging        | |  2.6
Spellcasting   | |  2.0

Action                   |  1- 3 |  4- 6 || total
-------------------------+-------+-------++-------
Melee: Spear             |   127 |   118 ||   245
Throw: Boomerang         |       |     4 ||     4
 Cast: Infusion          |    24 |    19 ||    43
       Shroud of Golubri |       |     2 ||     2
  Use: Scroll            |       |     7 ||     7
 Stab: Sleeping          |     2 |     4 ||     6
  Eat: Ration            |     1 |     2 ||     3
Armor: Leather armour    |    18 |    28 ||    46
Dodge: Dodged            |    52 |    44 ||    96

Table legend:
 A = Non-vault XP
 B = Vault XP
 C = Vault XP percentage of total XP
 D = Non-vault monster count
 E = Vault monster count
 F = Vault count percentage of total count
                 A         B        C        D         E       F
            +---------+---------+-------+---------+---------+-------
      Total |     230 |     147 |  39.0 |      54 |      15 |  21.7
            +---------+---------+-------+---------+---------+-------
        D:1 |      43 |       0 |   0.0 |      23 |       0 |   0.0
        D:2 |      38 |     147 |  79.5 |      16 |      15 |  48.4
        D:3 |     149 |       0 |   0.0 |      15 |       0 |   0.0
            +---------+---------+-------+---------+---------+-------
